 Dungeon Crawl Stone Soup version 0.31-a0-702-gf82c85558f (webtiles) character file.

Game seed: 1053845801415287192

79 qw the Shooter (level 4, -1/28 HPs)
             Began as a Gargoyle Hunter on Sept 8, 2023.
             Slain by a gnoll
             ... wielding a +2 halberd of protection
              (8 damage)
             ... on level 2 of the Dungeon.
             The game lasted 00:00:33 (1268 turns).

qw the Shooter (Gargoyle Hunter)                    Turns: 1268, Time: 00:00:33

Health: -1/28      AC:  8    Str: 15    XL:     4   Next: 37%
Magic:  4/4        EV: 11    Int:  9    God:
Gold:   145        SH:  0    Dex: 15    Spells: 3/3 levels left

rFire   . . .        Y - +0 shortbow
rCold   + . .        (shield currently unavailable)
rNeg    + . .        g - +0 ring mail
rPois   inf          (no helmet)
rElec   +            (no cloak)
rCorr   .            (no gloves)
SInv    .            (no boots)
Will    .....        (no amulet)
Stlth   +            j - ring of protection from cold
HPRegen 0.24/turn    (no ring)
MPRegen 0.09/turn

%: no passive effects
@: no status effects
A: sickness immunity, AC +3, negative energy resistance 1, electricity
resistance, torment resistance 1, petrification resistance
a: no special abilities


You were on level 2 of the Dungeon.
You visited 1 branch of the dungeon, and saw 2 of its levels.

You collected 145 gold pieces.


Innate Abilities, Weirdness & Mutations

You are immune to sickness and miasma.
Your stone body is resilient. (AC +3)
You are immune to poison.
You resist negative energy. (rN+)
You are resistant to electric shocks. (rElec)
You are resistant to unholy torment.
You are immune to petrification.


   Skills:
 - Level 3.0 Fighting
 + Level 5.2 Ranged Weapons
 - Level 1.0 Armour
 - Level 1.5 Dodging
 - Level 1.1 Stealth


You had 3 spell levels left.
You didn't know any spells.
Your spell library was empty.

Inventory:

Hand Weapons
 Y - a +0 shortbow (weapon)
Armour
 g - a +0 ring mail (worn)
Jewellery
 e - a ring of fire
 f - a ring of protection from cold
 j - a ring of protection from cold (left hand)
Scrolls
 a - a scroll of teleportation
 h - a scroll of vulnerability {unknown}
 l - a scroll of identify
Potions
 b - a potion of brilliance {unknown}
 c - a potion of berserk rage {unknown}
 d - 2 potions of curing {unknown}
 i - a potion of enlightenment {unknown}
 k - a potion of resistance {unknown}

Dungeon Overview and Level Annotations

Branches:
Dungeon (2/15)

Altars:


Message History

You shoot an arrow. The arrow hits the gnoll.
You kill the gnoll!
You shoot an arrow. The arrow hits the gnoll!
The gnoll is heavily wounded.
You shoot an arrow.
The arrow hits the gnoll but does no damage.
You shoot an arrow. The arrow hits the gnoll.
The gnoll is severely wounded.
The gnoll hits you from afar with a +0 spear!
1257 ||| Stepping ~*~*~tactically~*~*~ (outnumbered).
You shoot an arrow. The arrow hits the gnoll.
The gnoll is almost dead.
You shoot an arrow.
The arrow hits the gnoll but does no damage.
You shoot an arrow. The arrow closely misses the gnoll.
The gnoll barely misses you.
You shoot an arrow. The arrow barely misses the gnoll.
The gnoll hits you but does no damage. The gnoll barely misses you.
You shoot an arrow. The arrow closely misses the gnoll.
The gnoll barely misses you.
You shoot an arrow. The arrow closely misses the gnoll.
The gnoll hits you from afar with a +2 halberd of protection!
You shoot an arrow. The arrow hits the gnoll.
The gnoll is lightly wounded.
The gnoll closely misses you. The gnoll barely misses you.
You shoot an arrow. The arrow barely misses the gnoll.
The gnoll hits you but does no damage.
You shoot an arrow.
The arrow hits the gnoll but does no damage.
The gnoll is lightly wounded.
The gnoll barely misses you.
You shoot an arrow.
The arrow hits the gnoll but does no damage.
The gnoll is lightly wounded.
The gnoll hits you from afar with a +2 halberd of protection.
You shoot an arrow. The arrow hits the gnoll!
The gnoll is almost dead.
The gnoll hits you from afar with a +2 halberd of protection.
The gnoll hits you from afar with a +2 halberd of protection!
You die...

##.......###.......
#>........##.#...##
+.........'........
#.........##.#...## #
#.......###.##...#
....#####.....##
#.####.#
#...g.g#.#......#.......
#....g#.#.#.....######.#
#.g.g##@#.##....# #.#
#...# #.#.###...# #.#
#..# ##.## #..# #.# #.#
#+# #.# #.# ..# ## #.#
.. #.# ..#


You could see a gnoll.

Vanquished Creatures
  2 adders (D:2)
  A gnoll (D:2)
  2 worms (D:2)
  A dart slug (D:1)
  5 ball pythons
  4 bats
  7 endoplasms
  2 giant cockroaches (D:1)
  2 goblins
  3 hobgoblins
  4 frilled lizards (D:1)
  3 kobolds
  4 rats
40 creatures vanquished.

Notes
Turn   | Place    | Note
-------+----------+-------------------------------------------
     0 | D:1      | qw the Gargoyle Hunter began the quest for the Orb.
     0 | D:1      | Reached XP level 1. HP: 12/12 MP: 1/1
     0 | D:1      | 0 ||| qw: Version: 0.3-a-76-g4403597
     0 | D:1      | 0 ||| qw: Game counter: 1043
     0 | D:1      | 0 ||| qw: Melee chars always use a shield: true
     0 | D:1      | 0 ||| qw: God list: Okawaru
     0 | D:1      | 0 ||| qw: Allow faded altars: false
     0 | D:1      | 0 ||| qw: Do Orc after clearing Dungeon:15 true
     0 | D:1      | 0 ||| qw: Do second Lair branch before Depths: true
     0 | D:1      | 0 ||| qw: Lair rune preference: random
     0 | D:1      | 0 ||| qw: Goals: Normal
     0 | D:1      | 0 ||| PLANNING D:1-11
   122 | D:1      | Reached XP level 2. HP: 17/17 MP: 2/2
   654 | D:1      | Reached XP level 3. HP: 21/21 MP: 3/3
   679 | D:1      | 679 ||| UPGRADING to +0 ring mail.
   689 | D:1      | 689 ||| DROPPING +0 leather armour.
   690 | D:1      | 690 ||| UPGRADING to ring of protection from cold.
   691 | D:1      | 691 ||| READING 2 scrolls labelled CYEF HUCORIZ.
   696 | D:1      | 696 ||| READING scroll labelled UNOINLYCEI.
   697 | D:1      | 697 ||| READING scroll labelled WATYAT AVUEPN.
   698 | D:1      | 698 ||| READING scroll labelled HOBBIO QEVEPTO.
   699 | D:1      | 699 ||| DROPPING scroll of butterflies.
   832 | D:2      | Reached skill level 1 in Armour
   844 | D:2      | Reached skill level 5 in Ranged Weapons
   922 | D:2      | Reached XP level 4. HP: 27/27 MP: 4/4
  1018 | D:2      | Reached skill level 3 in Fighting
  1249 | D:2      | 1249 ||| Stepping ~*~*~tactically~*~*~ (retreating).
  1257 | D:2      | 1257 ||| Stepping ~*~*~tactically~*~*~ (outnumbered).
  1268 | D:2      | HP: 7/28 [gnoll/+2 halberd of protection (3)]
  1268 | D:2      | Slain by a gnoll

Levels and vault maps discovered:
D:1:      lightli_arrival_statue_moat, layout_loops_ring
D:2:      layout_loops_corners, minmay_fountain_box, corexii_leaking_fountain,
          grunt_ministairs_2, wad_orctagon

Skill      XL: |  1  2  3  4 |
---------------+-------------+-----
Armour         | 1 |  1.0
Ranged Weapons | 5 |  5.2
Fighting       | 3 |  3.0
Dodging        | |  1.5
Stealth        | |  1.1

Action                     |  1- 3 |  4- 6 || total
---------------------------+-------+-------++-------
   Fire: Shortbow          |    97 |    39 ||   136
    Use: Scroll            |     4 |       ||     4
 Armour: Leather armour    |     7 |       ||     7
         Ring mail         |     4 |    14 ||    18
  Dodge: Dodged            |    23 |    19 ||    42

Table legend:
 A = Non-vault XP
 B = Vault XP
 C = Vault XP percentage of total XP
 D = Non-vault monster count
 E = Vault monster count
 F = Vault count percentage of total count
                 A         B        C        D         E       F
            +---------+---------+-------+---------+---------+-------
      Total |      97 |      16 |  14.2 |      38 |       2 |   5.0
            +---------+---------+-------+---------+---------+-------
        D:1 |      34 |       0 |   0.0 |      20 |       0 |   0.0
        D:2 |      63 |      16 |  20.3 |      18 |       2 |  10.0
            +---------+---------+-------+---------+---------+-------
